 Dungeon Crawl Stone Soup version 0.19.1 (webtiles) character file.

762 Rrauwl the Ducker (level 8, 0/54 HPs)
             Began as a Human Artificer on Nov 23, 2016.
             Was an Initiate of Qazlal.
             Succumbed to a worker ant's poison
             ... on level 5 of the Dungeon.
             The game lasted 00:27:29 (3726 turns).

Rrauwl the Ducker (Human Artificer)                 Turns: 3726, Time: 00:27:29

Health: 0/54       AC: 14    Str: 13    XL:     8   Next: 8%
Magic:  10/10      EV: 23    Int: 14    God:    Qazlal [......]
Gold:   145        SH:  3    Dex: 13    Spells: 0 memorised, 7 levels left

rFire  . . .     SeeInvis .     (weapon currently unavailable)
rCold  . . .     Gourm    .     (armour currently unavailable)
rNeg   + + +     Faith    .     (shield currently unavailable)
rPois  +         Spirit   .     (no helmet)
rElec  .         Reflect  +     (cloak currently unavailable)
rCorr  .         Harm     .     (gloves currently unavailable)
MR     .....                    (boots currently unavailable)
Stlth  ++........               h - +3 amulet of reflection
                                l - ring of positive energy
                                g - +2 ring of protection

@: lethally poisoned (0 -> -5), fungus-form
A: no striking features
a: Renounce Religion


You were on level 5 of the Dungeon.
You worshipped Qazlal.
Qazlal was noncommittal.
You were not hungry.
You were a sentient fungus.
You visited 1 branch of the dungeon, and saw 5 of its levels.

You collected 145 gold pieces.

Inventory:

Hand Weapons
 r - a +0 scythe (melded)
Armour
 a - a +0 cloak (melded)
 b - a +1 leather armour (melded)
Jewellery
 g - a +2 ring of protection (left hypha)
 h - a +3 amulet of reflection (around neck)
 l - a ring of positive energy (right hypha)
 m - an uncursed amulet of magic regeneration
Wands
 c - a wand of flame (0/48)
 d - a wand of enslavement (13/24)
 e - a wand of random effects (0/48)
 p - a wand of polymorph (13/24)
Scrolls
 j - a scroll of enchant armour
 k - 6 scrolls of identify
 o - a scroll of remove curse
Comestibles
 f - 2 bread rations
 i - 2 beef jerkies
 n - 2 meat rations


   Skills:
 - Level 1.0 Fighting
   Level 1.0 Short Blades
 + Level 3.2 Polearms
 + Level 4.8 Armour
 - Level 6.0 Dodging
 - Level 1.0 Stealth
 - Level 3.0 Evocations


You had 7 spell levels left.
You didn't know any spells.

Dungeon Overview and Level Annotations

Branches:
Dungeon (5/15)             Temple (0/1) D:4

Altars:
Fedhas
Makhleb
Qazlal
Vehumet
Xom


Message History

The worker ant poisons you!
Something hits the worker ant.
Something freezes the worker ant!
The worker ant dies!
Qazlal accepts your kill.
Evoke which item? (* to show all) (? for menu, Esc to quit)
Zapping:
p - a wand of polymorph (14/24)
Press: ? - help, Shift-Dir - straight line, f - you Really target yourself?
You turn into a sentient fungus.
Your +0 scythe melds into your body.
Your +0 cloak melds into your body.
Your +1 leather armour melds into your body.
This wand has 13 charges left.
* * * LOW HITPOINT WARNING * * *
You feel sick.
Something hits the jackal but does no damage.
You block the jackal's attack.
You release spores at the jackal!
You kill the jackal!
Qazlal accepts your kill.
You die...

#. #.. #..# #..#
#..# #..####### ##
#.......####.# .##
#######......# ..
###.f..# .. ###
###†.# ..
##Y########...# .#
##....h.##.Y...# .#
##..........h..##
.###..##.........##
§....##..######..#
...Y###.## ##..#
....##.# ##..#


There were no monsters in sight!

Vanquished Creatures
  Sigmund (D:3)
  A wyvern (D:2)
  A black bear (D:4)
  An ogre (D:4)
  A phantom (D:4)
  A scorpion (D:4)
  6 adders
  4 worms
  A dart slug (D:2)
  4 leopard geckos
  An orc (D:4)
  6 bats
  6 giant cockroaches
  3 hobgoblins
  3 jackals
  7 kobolds
  2 quokkas
  3 ball pythons
  4 frilled lizards
  5 goblins
  7 rats
68 creatures vanquished.

Vanquished Creatures (collateral kills)
  A crimson imp (D:5)
  A worker ant (D:5)
  A jackal (D:5)
3 creatures vanquished.

Grand Total: 71 creatures vanquished

Notes
Turn   | Place    | Note
-------+----------+-------------------------------------------
     0 | D:1      | Rrauwl the Human Artificer began the quest for the Orb.
     0 | D:1      | Reached XP level 1. HP: 15/15 MP: 3/3
   354 | D:1      | Reached XP level 2. HP: 21/21 MP: 4/4
   702 | D:1      | Reached skill level 3 in Dodging
   800 | D:1      | Reached XP level 3. HP: 22/26 MP: 5/5
  1118 | D:2      | Noticed a wyvern
  1118 | D:2      | a worm changed into a wyvern
  1121 | D:2      | Killed a wyvern
  1121 | D:2      | Reached skill level 5 in Dodging
  1121 | D:2      | Reached XP level 4. HP: 27/32 MP: 6/6
  1121 | D:2      | Reached XP level 5. HP: 32/37 MP: 7/7
  1229 | D:2      | Reached XP level 6. HP: 20/43 MP: 8/8
  1446 | D:2      | Reached skill level 6 in Dodging
  1797 | D:3      | Found a stormy altar of Qazlal.
  1803 | D:3      | Found a blossoming altar of Fedhas.
  1805 | D:3      | Became a worshipper of Qazlal Stormbringer
  1858 | D:3      | Found a radiant altar of Vehumet.
  1924 | D:3      | Found a shimmering altar of Xom.
  2299 | D:3      | Noticed Sigmund
  2304 | D:3      | Killed Sigmund
  2304 | D:3      | Reached XP level 7. HP: 40/48 MP: 9/9
  2600 | D:4      | Reached skill level 1 in Polearms
  3009 | D:4      | Found a staircase to the Ecumenical Temple.
  3075 | D:4      | Reached XP level 8. HP: 6/54 MP: 10/10
  3557 | D:4      | Found a burning altar of Makhleb.
  3587 | D:5      | Entered Level 5 of the Dungeon
  3724 | D:5      | HP: 1/54 [worker ant (4)]
  3726 | D:5      | Succumbed to a worker ant's poison

Skill      XL: |  1  2  3  4  5  6  7 |
---------------+----------------------+-----
Dodging        | 3 5 6 |  6.0
Armour         | 3 4 |  4.8
Polearms       | 3 |  3.2
Fighting       | |  1.0
Short Blades   | |  1.0
Stealth        | |  1.0
Evocations     | |  3.0

Action                   |  1- 3 |  4- 6 |  7- 9 || total
-------------------------+-------+-------+-------++-------
Melee: Short sword       |    98 |   117 |       ||   215
       Scythe            |       |       |   123 ||   123
       Unarmed           |       |       |     7 ||     7
Evoke: Wand              |    11 |    15 |     9 ||    35
  Use: Scroll            |     1 |     4 |     4 ||     9
       Potion            |       |     3 |     1 ||     4
 Stab: Sleeping          |     2 |     2 |       ||     4
  Eat: Chunk             |     1 |     3 |     2 ||     6
       Royal jelly       |       |     1 |       ||     1
       Beef jerky        |       |       |     1 ||     1
Armor: Leather armour    |    15 |    26 |    48 ||    89
       Skin              |       |       |     5 ||     5
Dodge: Dodged            |    59 |    60 |   151 ||   270
Block: Other             |     6 |    11 |    21 ||    38
